 Dungeon Crawl Stone Soup version 0.17-a0-963-gaa5423c (webtiles) character file.

1355 oplop the Conjurer (level 8, 0/49 HPs)
             Began as a Tengu Fire Elementalist on May 8, 2015.
             Was a Priest of Vehumet.
             Slain by a mottled dragon (3 damage)
             ... on level 6 of the Dungeon.
             The game lasted 00:14:24 (5545 turns).

oplop the Conjurer (Tengu Fire Elementalist)        Turns: 5545, Time: 00:14:24

Health: 0/49       AC:  6    Str: 13    XL:     8   Next: 63%
Magic:  11/14      EV: 13    Int: 18    God:    Vehumet [***...]
Gold:   209        SH:  0    Dex: 15    Spells: 5 memorised, 1 level left

rFire  . . .     SeeInvis +     m - +3 short sword (venom)
rCold  . . .     Clarity  .     a - +1 robe
rNeg   . . .     SustAb   .     (no shield)
rPois  .         Gourm    .     (helmet restricted)
rElec  .         Spirit   .     (no cloak)
rCorr  .         Warding  .     (no gloves)
rMut   .         Stasis   .     (boots unavailable)
MR     +....                    (no amulet)
Stlth  +.........               (no ring)
                                (no ring)

@: mighty, liquid flames, glowing, somewhat resistant to hostile enchantments,
very unstealthy
A: beak, talons 3, rugged brown scales 1, thin metallic scales 1, see invisible,
magic resistance 1, MP-powered wands, able to fly 1
a: Fly, Renounce Religion


You were on level 6 of the Dungeon.
You worshipped Vehumet.
Vehumet was most pleased with you.
You were not hungry.

You visited 1 branch of the dungeon, and saw 6 of its levels.

You collected 209 gold pieces.

Inventory:

Hand weapons
 m - a +3 short sword of venom (weapon)
Armour
 a - a +1 robe (worn)
Scrolls
 d - 2 scrolls of remove curse
 g - 4 scrolls of identify
 h - a scroll of teleportation
 q - a scroll of enchant armour
Potions
 o - a potion of degeneration {unknown}
 s - a potion of haste
 t - a potion of curing {unknown}
Books
 b - a book of Flames

   Spells                             Type                      Level
   a - Flame Tongue                   Conjuration/Fire             1
   b - Throw Flame                    Conjuration/Fire             2
   c - Conjure Flame                  Conjuration/Fire             3
   d - Inner Flame                    Hexes/Fire                   3
   e - Sticky Flame                   Conjuration/Fire             4
   f - Fireball                       Conjuration/Fire             5
Comestibles
 c - 5 bread rations
 f - a meat ration
 i - 6 fruits
 k - 6 chunks of flesh
 r - 4 beef jerkies


   Skills:
 + Level 4.2 Fighting
 - Level 3.1 Dodging
 - Level 2.0 Stealth
 + Level 3.8 Spellcasting
 * Level 7.8 Conjurations
 * Level 6.9 Fire Magic


You had one spell level left.
You knew the following spells:

 Your Spells              Type           Power        Failure   Level  Hunger
a - Flame Tongue          Conj/Fire      ####.        1%          1    None
b - Conjure Flame         Conj/Fire      ####....     1%          3    ###....
c - Inner Flame           Hex/Fire       ###.....     4%          3    ###....
d - Sticky Flame          Conj/Fire      ####....     2%          4    ####...
e - Throw Frost           Conj/Ice       ###...       1%          2    ##.....


Dungeon Overview and Level Annotations

Branches:
Dungeon (6/15)
 Temple: D:4-7

Altars:
Cheibriados
Fedhas
Kikubaaqudgha
Okawaru
Ru
Trog
Vehumet
Zin
The Shining One


Innate Abilities, Weirdness & Mutations

You have a beak for a mouth.
You have claws for feet.
You can fly.
You are partially covered in rugged brown scales (AC +1, +3% HP).
You are partially covered in thin metallic scales (AC +2).
You have supernaturally acute eyesight.
You are resistant to hostile enchantments.
You expend magic power (3 MP) to strengthen your wands.


Message History

You are covered in liquid flames!
The mottled dragon misses you. The mottled dragon claws you.
Casting: Throw Frost
Confirm with . or Enter, or press ? or * to list all spells.
Aiming: Inner Flame
Press: ? - help, Shift-Dir - straight line, f/p - mottled dragon
Aim: a mottled dragon (heavily wounded, catching its breath, chance 71%)
The mottled dragon is filled with an inner flame.
You are covered in liquid flames!
The mottled dragon bites you!
* * * LOW HITPOINT WARNING * * *
The mottled dragon claws you.
* * * LOW HITPOINT WARNING * * *
Drink which item? (? for menu, Esc to quit)
It was a potion of might.
You feel very mighty all of a sudden.
You are covered in liquid flames!
* * * LOW HITPOINT WARNING * * *
The mottled dragon bites you.
You die...

#### #....#
....###....#
...........###
..>..........##
............#
#.........#
####..D....#
##.....@....#
......<....##
..........##
.......###.....#
#....## ##....#
####...# #...##
.......# #...#
......##
##...########
.......#
#.......#...#


You could see a mottled dragon (inner flame).

Vanquished Creatures
  The ghost of ImmaFairy the Insei, an average OpTm (D:4)
  Edmund (D:4)
  2 ogres
  3 sky beasts (D:5)
  Blork the orc (D:4)
  2 crimson imps (D:5)
  4 hounds
  An iguana (D:5)
  3 orc wizards
  Robin (D:4)
  9 adders
  4 gnolls
  2 worms (D:2)
  4 giant geckos
  7 orcs
  A ball python (D:4)
  18 bats
  A bat zombie (D:5)
  A giant cockroach (D:5)
  14 hobgoblins
  20 jackals
  14 kobolds
  2 quokkas
  A giant cockroach zombie (D:5)
  A giant gecko skeleton (D:5)
  7 giant newts
  14 goblins
  10 rats
  2 rat zombies (D:5)
151 creatures vanquished.

Notes
Turn   | Place    | Note
--------------------------------------------------------------
     0 | D:1      | oplop, the Tengu Fire Elementalist, began the quest for the Orb.
     0 | D:1      | Reached XP level 1. HP: 10/10 MP: 4/4
   386 | D:1      | Reached XP level 2. HP: 15/15 MP: 4/6
   893 | D:1      | Reached XP level 3. HP: 17/20 MP: 5/7
  1007 | D:2      | Reached skill level 1 in Fighting
  1030 | D:2      | Found a glowing silver altar of Zin.
  1231 | D:2      | Found a radiant altar of Vehumet.
  1250 | D:2      | Became a worshipper of Vehumet
  1381 | D:2      | Reached XP level 4. HP: 25/25 MP: 2/8
  1458 | D:2      | Found a bloodstained altar of Trog.
  1458 | D:2      | Found a snail-covered altar of Cheibriados.
  1536 | D:2      | Found a glowing golden altar of the Shining One.
  1827 | D:3      | Acquired Vehumet's first power
  1827 | D:3      | Offered knowledge of Shock by Vehumet.
  1850 | D:3      | Learned a level 3 spell: Conjure Flame
  1854 | D:3      | Learned a level 3 spell: Inner Flame
  1881 | D:3      | Found a sacrificial altar of Ru.
  1892 | D:3      | Reached skill level 4 in Fire Magic
  1892 | D:3      | Gained mutation: You can fly. [Tengu growth]
  1892 | D:3      | Reached XP level 5. HP: 6/29 MP: 6/9
  2161 | D:3      | Found an iron altar of Okawaru.
  2684 | D:4      | Noticed Edmund
  2967 | D:4      | Noticed ImmaFairy's ghost (average OpTm)
  3128 | D:4      | Noticed Robin
  3429 | D:4      | Reached XP level 6. HP: 22/35 MP: 11/11
  3610 | D:5      | Entered Level 5 of the Dungeon
  3753 | D:5      | Offered knowledge of Sandblast by Vehumet.
  3788 | D:5      | Reached skill level 5 in Conjurations
  3788 | D:5      | Reached skill level 5 in Fire Magic
  3788 | D:5      | Reached XP level 7. HP: 7/40 MP: 6/12
  3792 | D:5      | Gained mutation: You are partially covered in thin metallic scales (AC +2). [mutagenic meat]
  3793 | D:5      | Gained mutation: You are resistant to hostile enchantments. [mutagenic meat]
  3794 | D:5      | Gained mutation: You expend magic power (3 MP) to strengthen your wands. [mutagenic meat]
  3795 | D:5      | Gained mutation: You are partially covered in rugged brown scales (AC +1, +3% HP). [mutagenic meat]
  3796 | D:5      | Gained mutation: You have supernaturally acute eyesight. [mutagenic meat]
  4068 | D:5      | Learned a level 4 spell: Sticky Flame
  4388 | D:5      | Reached skill level 6 in Conjurations
  4626 | D:5      | Found an ancient bone altar of Kikubaaqudgha.
  4683 | D:4      | Killed ImmaFairy's ghost
  4683 | D:4      | Reached XP level 8. HP: 47/49 MP: 6/14
  4710 | D:4      | Noticed Blork the orc
  4717 | D:4      | Killed Blork the orc
  4717 | D:4      | Reached skill level 7 in Conjurations
  4888 | D:4      | Offered knowledge of Throw Frost by Vehumet.
  4907 | D:4      | Killed Robin
  5114 | D:4      | Found a blossoming altar of Fedhas.
  5280 | D:4      | Killed Edmund
  5391 | D:6      | Acquired Vehumet's second power
  5528 | D:6      | Learned a level 2 spell: Throw Frost
  5542 | D:6      | HP: 1/49 [mottled dragon/sticky flame (11)]
  5545 | D:6      | Slain by a mottled dragon

Action                   |  1- 3 |  4- 6 |  7- 9 || total
-------------------------+-------+-------+-------++-------
Melee: Unarmed           |    31 |       |       ||    31
       Dagger            |    14 |       |       ||    14
       Short sword       |       |   137 |    97 ||   234
 Cast: Flame Tongue      |    57 |    37 |    32 ||   126
       Conjure Flame     |       |     2 |     7 ||     9
       Sticky Flame      |       |       |     5 ||     5
       Throw Frost       |       |       |     7 ||     7
       Inner Flame       |       |       |     3 ||     3
  Use: Scroll            |       |     9 |       ||     9
       Potion            |       |       |     3 ||     3
 Stab: Sleeping          |       |     2 |       ||     2
  Eat: Chunk             |     1 |     3 |    11 ||    15
       Pizza             |     1 |       |       ||     1
       Meat ration       |       |     1 |       ||     1
       Beef jerky        |       |       |     1 ||     1
